 Dungeon Crawl Stone Soup version 0.29-a0-872-g797fff5ad1 (webtiles) character file.

Game seed: 4067743262322214496

27953 soberaf the Thaumaturge (level 13, -3/108 HPs)
             Began as a Gnoll Warper on July 11, 2022.
             Was a High Priest of Ashenzari.
             Slain by a fire crab (13 damage)
             ... on level 4 of the Lair of Beasts on July 18, 2022.
             The game lasted 00:58:10 (16068 turns).

soberaf the Thaumaturge (Gnoll Warper)             Turns: 16068, Time: 00:58:11

Health: -3/108     AC: 15    Str: 10    XL:     13   Next: 35%
Magic:  24/29      EV: 18    Int: 15    God:    Ashenzari [*****.]
Gold:   922        SH:  8    Dex: 21    Spells: 8/36 levels left

rFire   . . .      SeeInvis +   D - +0 scimitar of the Celestial Seer {elec, Elem, Bglg} (curse)
rCold   . . .      Faith    .   h - +0 buckler of the Shattered Seer {Melee, Evo} (curse)
rNeg    . . .      Spirit   .   y - +1 ring mail "Shattered Together" {rPois, Range, Cun} (curse)
rPois   +          Reflect  .   v - +0 helmet "Adversity of Ashenzari" {Self, Fort} (curse)
rElec   .          Harm     .   (no cloak)
rCorr   .          Rampage  .   (no gloves)
Will    .....      Clarity  +   N - +0 pair of boots of Ashenzari's Comet {Bglg, Evo} (curse)
Stlth   +++++.....              J - amulet of the Distant Augur {Regen+, Evo, Range} (curse)
HPRegen 1.08/turn               w - ring of the Manifest Regret {Dex+6, Cun, Range} (curse)
MPRegen 0.21/turn               q - ring "Urgency of Ashenzari" {AC+4, Bglg, Range} (curse)

@: slowed, very slow
A: fangs 1, strong nose, distributed training
a: Renounce Religion, Shatter the Chains


You were on level 4 of the Lair of Beasts.
You worshipped Ashenzari.
Ashenzari was extremely pleased with you.
You visited 2 branches of the dungeon, and saw 14 of its levels.
You also visited: Bailey.

You collected 1342 gold pieces.
You spent 420 gold pieces at shops.

Inventory:

Hand Weapons
 D - the cursed +0 scimitar of the Celestial Seer (weapon) {elec, Elem, Bglg}
   (You took it off a wight on level 6 of the Dungeon)

   It occasionally discharges a powerful burst of electricity upon striking a
   foe.
   It has a curse which improves the following skills: Elements: Fire Magic, Ice
   Magic, Air Magic and Earth Magic.
   Beguiling: Conjurations, Hexes and Translocations.
 F - a +0 triple crossbow of freezing
 M - a +0 demon blade of freezing
Missiles
 d - 3 boomerangs of dispersal
 x - 5 poisoned darts (quivered)
Armour
 h - the cursed +0 buckler of the Shattered Seer (worn) {Melee, Evo}
   (You found it on level 3 of the Dungeon)

   It has a curse which improves the following skills: Melee Combat: Short
   Blades, Long Blades, Axes, Maces & Flails, Polearms, Staves and Unarmed
   Combat.
   Evocations: Evocations.
 o - a +0 cloak
 v - the cursed +0 helmet "Adversity of Ashenzari" (worn) {Self, Fort}
   (You found it on level 4 of the Dungeon)

   It has a curse which improves the following skills: Introspection: Fighting
   and Spellcasting.
   Fortitude: Armour and Shields.
 y - the cursed +1 ring mail "Shattered Together" (worn) {rPois, Range, Cun}
   (You found it on level 6 of the Dungeon)

   It has a curse which improves the following skills: Ranged Combat: Ranged
   Weapons and Throwing.
   Cunning:   Dodging and Stealth.
 K - a +2 helmet
 N - the cursed +0 pair of boots of Ashenzari's Comet (worn) {Bglg, Evo}
   (You found it on level 4 of the Lair of Beasts)

   It has a curse which improves the following skills: Beguiling: Conjurations,
   Hexes and Translocations.
   Evocations: Evocations.
Jewellery
 q - the cursed ring "Urgency of Ashenzari" (right hand) {AC+4, Bglg, Range}
   (You found it on level 3 of the Dungeon)

   [ring of protection]

   AC:        It affects your AC (+4).
   It has a curse which improves the following skills: Beguiling: Conjurations,
   Hexes and Translocations.
   Ranged Combat: Ranged Weapons and Throwing.
 w - the cursed ring of the Manifest Regret (left hand) {Dex+6, Cun, Range}
   (You found it on level 4 of the Dungeon)

   [ring of dexterity]

   Dex:       It affects your dexterity (+6).
   It has a curse which improves the following skills: Cunning: Dodging and
   Stealth.
   Ranged Combat: Ranged Weapons and Throwing.
 J - the cursed amulet of the Distant Augur (around neck) {Regen+, Evo, Range}
   (You found it on level 9 of the Dungeon)

   [amulet of regeneration]

   Regen:     It increases your rate of health regeneration.
   It has a curse which improves the following skills: Evocations: Evocations.
   Ranged Combat: Ranged Weapons and Throwing.
Wands
 A - a wand of roots (12)
Scrolls
 a - 2 scrolls of enchant armour
 c - 5 scrolls of blinking
 e - 8 scrolls of teleportation
 i - 4 scrolls of enchant weapon
 n - 2 scrolls of fog
 p - 2 scrolls of torment
 s - 4 scrolls of immolation
 z - 3 scrolls of amnesia
 B - 3 scrolls of summoning
 C - 2 scrolls of magic mapping
 I - a scroll of fear
 L - a scroll of poison
Potions
 b - 2 potions of magic
 f - 6 potions of curing
 g - 5 potions of flight
 j - 14 potions of ambrosia
 k - 2 potions of might
 l - 4 potions of brilliance
 m - 4 potions of attraction
 r - 6 potions of heal wounds
 t - 4 potions of resistance
 u - 2 potions of haste
 E - 4 potions of mutation


   Skills:
 + Level 9.7(12.0) Fighting
 + Level 8.5(10.9) Short Blades
 + Level 9.7(12.0) Long Blades
 + Level 8.5(10.9) Axes
 + Level 8.5(10.9) Maces & Flails
 + Level 8.5(10.9) Polearms
 + Level 8.5(10.9) Staves
 + Level 8.5(13.9) Ranged Weapons
 + Level 9.0(14.4) Throwing
 + Level 9.0(11.3) Armour
 + Level 9.7(13.2) Dodging
 + Level 8.5(12.0) Stealth
 + Level 8.5(10.9) Shields
 + Level 8.5(10.9) Unarmed Combat
 + Level 9.9(12.2) Spellcasting
 + Level 7.1(11.6) Conjurations
 + Level 7.1(11.6) Hexes
 + Level 7.1 Summonings
 + Level 7.1 Necromancy
 + Level 9.0(13.5) Translocations
 + Level 7.1 Transmutations
 + Level 7.1(9.4) Fire Magic
 + Level 7.1(9.4) Ice Magic
 + Level 7.1(9.4) Air Magic
 + Level 7.1(9.4) Earth Magic
 + Level 7.1 Poison Magic
 + Level 9.3 Invocations
 + Level 8.5(13.0) Evocations


You had 8 spell levels left.
You knew the following spells:

 Your Spells              Type           Power      Damage    Failure   Level
a - Blink                 Tloc           98%        N/A       1%          2
b - Teleport Other        Tloc           49%        N/A       1%          3
c - Lesser Beckoning      Tloc           49%        N/A       1%          3
d - Manifold Assault      Tloc           49%        N/A       1%          5
e - Passage of Golubria   Tloc           49%        N/A       1%          4
f - Gell's Gravitas       Tloc           49%        N/A       1%          3
g - Portal Projectile     Hex/Tloc       92%        N/A       1%          3
h - Silence               Hex/Air        20%        N/A       7%          5

Your spell library contained the following spells:

 Spells                   Type           Power      Damage    Failure   Level
 Freeze                   Ice            100%       1d11      1%          1
 Dazzling Flash           Conj/Hex       88%        N/A       1%          3
 Frozen Ramparts          Ice            74%        1d9       1%          3
 Ozocubu's Armour         Ice            37%        N/A       1%          3
 Flame Wave               Conj/Fire      40%        2d9       2%          4
 Leda's Liquefaction      Hex/Erth       20%        N/A       2%          4
 Call Canine Familiar     Summ           30%        N/A       3%          3
 Ice Form                 Ice/Tmut       34%        N/A       6%          4
 Corpse Rot               Necr/Pois/Air  32%        N/A       8%          4
 Dispel Undead            Necr           30%        3d14      10%         4
 Lee's Rapid Deconstruct  Erth           18%        3d12*     11%         5
 Agony                    Necr           30%        N/A       28%         5
 Statue Form              Tmut/Erth      22%        N/A       67%         6
 Death Channel            Necr           15%        N/A       83%         6
 Lehudib's Crystal Spear  Conj/Erth      20%        10d6      100%        8


Dungeon Overview and Level Annotations

Branches:
Dungeon (10/15)            Temple (0/1) D:5            Lair (4/6) D:9
 Shoals (0/4) Lair:3       Spider (0/4) Lair:3          Orc (0/2) D:9
 Bailey (visited)
  Slime: Lair:4-5

Altars:
Ashenzari
Xom

Shops:
D:1 ?   D:4 (   D:5 !   D:8 ?   D:9 (!=[:   D:10 *

Annotations:
D:4 Edmund
D:8 2 transporters, exclusion: oklob plant, Peppero's ghost, novice GnEE
Lair:1 exclusion: hydra
Lair:3 1 runed translucent door, exclusion: door, Wyrua's ghost, journeyman DgHu


Innate Abilities, Weirdness & Mutations

You have very sharp teeth.
Your uncanny sense of smell can sniff out nearby items.
Your experience applies equally to all skills.


Message History

You hit the boulder beetle but do no damage.
The boulder beetle is severely wounded.
The cane toad stings you but does no damage.
The boulder beetle leaps!
You slash the cane toad!
The cane toad is heavily wounded.
The cane toad stings you!
You hit the cane toad but do no damage.
The cane toad is heavily wounded.
The cane toad misses you.
You slice the cane toad!!
You kill the cane toad!
You kill the boulder beetle!
The fire crab breathes flames at you.
The blast of flame engulfs you but does no damage.
Your base Throwing skill increases to level 9!
Your base Armour skill increases to level 9!
Casting: Silence (dangerous; 7% risk of failure)
Confirm with . or Enter, or press ? or * to list all spells.
You blink.
You are engulfed in blazing flames.
You are engulfed in blazing flames.
* * * LOW HITPOINT WARNING * * *
Casting: Blink (safe; 1% risk of failure)
Confirm with . or Enter, or press ? or * to list all spells.
You blink.
The fire crab breathes flames at you. The blast of flame engulfs you!
* * * LOW HITPOINT WARNING * * *
You are engulfed in blazing flames.
* * * LOW HITPOINT WARNING * * *
The fire crab breathes flames at you.
The blast of flame engulfs you but does no damage.
Casting: Blink (safe; 1% risk of failure)
Confirm with . or Enter, or press ? or * to list all spells.
You blink.
A torpor snail comes into view.
Being near the torpor snail leaves you feeling lethargic.
You block the fire crab's attack. The fire crab claws you!
* * * LOW HITPOINT WARNING * * *
You are engulfed in flames!
You die...

, *♣♣♣♣♣♣♣.♣♣♣♣♣♣♣#♣♣.♣♣#......##
* *♣♣♣...........♣#.♣.♣.#......##
,*♣♣♣.♣♣♣♣♣♣♣♣♣.♣#. .#...<...# *
♣♣♣.♣.......♣.♣#., {#........ ,
♣♣♣.♣.####♣.♣.♣#.###.#........ {*
♣♣♣.♣.#).#♣.♣○♣##...##........
*♣♣♣.♣.#†.#♣.♣.♣##)$.##........
,..♣†♣.#''#♣.♣t(w()≈.?#......##
*,*♣.♣.♣....#♣.♣@♣##°°.##......##
* ♣.♣.♣#####♣.♣(♣##...##......#.
, ♣.♣.♣♣♣♣♣♣♣.♣.♣#.###{#.......+
* ♣.♣.........♣.♣#.,, ∆#........
,*♣.♣♣♣♣♣♣♣♣♣♣♣†♣* ,*,#......##
*, ♣.............♣ *,#.......#
,.#♣♣♣♣♣♣♣.♣♣♣♣♣♣♣#♣* ♣♣#.......#
#########♣.♣#############........
♣♣#.♣.♣.♣♣.♣♣.♣.♣.#♣♣.♣♣#........


You could see a torpor snail and a fire crab.

Vanquished Creatures
  Rupert (Lair:3)
  2 boulder beetles (Lair:4)
  3 hydras
  A two-headed ogre (D:9)
  2 death yaks (Lair:4)
  A fire crab (Lair:4)
  A manticore (Lair:3)
  Joseph (D:7)
  2 black mambas (Lair:4)
  An elephant (D:9)
  5 cane toads
  5 komodo dragons
  3 polar bears
  A queen bee (Lair:1)
  A troll (D:10)
  A wind drake (Lair:3)
  Grinder (D:4)
  A blink frog (Lair:4)
  Prince Ribbit (D:7)
  7 dream sheep (Lair:4)
  A jumping spider (Lair:3)
  A culicivora (Lair:3)
  4 wyverns
  3 basilisks
  2 redbacks (Lair:3)
  39 yaks
  2 steam dragons
  Menkaure (D:5)
  13 water moccasins
  A sky beast (D:6)
  An ice beast (D:5)
  6 orc warriors
  2 ogres
  4 wolves (Lair:1)
  4 centaurs
  12 bullfrogs
  2 scorpions
  A necrophage (D:4)
  4 wights (D:6)
  28 killer bees
  5 howler monkeys
  2 electric eels (D:9)
  2 hounds (Bailey)
  8 orc priests
  15 orc wizards
  3 gnolls (Bailey)
  4 adders
  2 white imps
  2 ufetubi (D:5)
  3 worms
  3 dart slugs
  32 orcs
  5 bats
  5 endoplasms
  5 giant cockroaches
  11 goblins
  9 hobgoblins
  5 jackals
  10 kobolds
  3 quokkas
  5 ball pythons
  A frilled lizard (D:2)
  6 rats
318 creatures vanquished.

Vanquished Creatures (others)
  18 fungi
  8 plants
26 creatures vanquished.

Grand Total: 344 creatures vanquished

Notes
Turn   | Place    | Note
-------+----------+-------------------------------------------
     0 | D:1      | soberaf the Gnoll Warper began the quest for the Orb.
     0 | D:1      | Reached XP level 1. HP: 20/20 MP: 6/6
   141 | D:1      | Reached XP level 2. HP: 26/26 MP: 7/7
   147 | D:1      | Learned a level 2 spell: Blink
   158 | D:1      | Found Dadiejou's Magic Scroll Emporium.
   166 | D:1      | Bought a scroll of identify for 22 gold pieces
   623 | D:1      | Found a faded altar of an unknown god.
   625 | D:1      | Prayed at the altar of an unknown god.
   625 | D:1      | Became a worshipper of Ashenzari the Shackled
  1360 | D:1      | Reached skill level 5 in Spellcasting
  1360 | D:1      | Reached XP level 3. HP: 24/31 MP: 7/9
  1485 | D:1      | Learned a level 3 spell: Teleport Other
  1489 | D:1      | Learned a level 3 spell: Lesser Beckoning
  1493 | D:1      | Learned a level 3 spell: Gell's Gravitas
  1691 | D:2      | Reached skill level 1 in Invocations
  1833 | D:2      | Identified the +6 spear "Porchialo" {venom, rF+ rC+ Will+}
  1945 | D:2      | HP: 1/31 [worm (10)]
  1947 | D:2      | Reached skill level 1 in Short Blades
  1947 | D:2      | Reached skill level 1 in Axes
  1947 | D:2      | Reached skill level 1 in Maces & Flails
  1947 | D:2      | Reached skill level 1 in Polearms
  1947 | D:2      | Reached skill level 1 in Staves
  1947 | D:2      | Reached skill level 1 in Ranged Weapons
  1947 | D:2      | Reached skill level 1 in Stealth
  1947 | D:2      | Reached skill level 1 in Shields
  1947 | D:2      | Reached skill level 1 in Unarmed Combat
  1947 | D:2      | Reached skill level 1 in Evocations
  2251 | D:2      | Reached * piety under Ashenzari
  2532 | D:2      | Reached XP level 4. HP: 38/38 MP: 11/11
  3100 | D:3      | Noticed an ogre
  3105 | D:3      | Killed an ogre
  3106 | D:3      | Reached skill level 1 in Conjurations
  3106 | D:3      | Reached skill level 1 in Hexes
  3106 | D:3      | Reached skill level 1 in Summonings
  3106 | D:3      | Reached skill level 1 in Necromancy
  3106 | D:3      | Reached skill level 1 in Transmutations
  3106 | D:3      | Reached skill level 1 in Fire Magic
  3106 | D:3      | Reached skill level 1 in Ice Magic
  3106 | D:3      | Reached skill level 1 in Air Magic
  3106 | D:3      | Reached skill level 1 in Earth Magic
  3106 | D:3      | Reached skill level 1 in Poison Magic
  3106 | D:3      | Reached XP level 5. HP: 43/43 MP: 12/12
  3248 | D:3      | Reached ** piety under Ashenzari
  4239 | D:4      | Noticed a water moccasin
  4266 | D:4      | Reached XP level 6. HP: 49/50 MP: 14/14
  4359 | D:4      | Found Taplor's Firing Range.
  4397 | D:4      | Noticed Edmund
  4454 | D:4      | Reached *** piety under Ashenzari
  4470 | D:4      | Killed a water moccasin
  4471 | D:4      | Reached skill level 5 in Fighting
  4471 | D:4      | Reached skill level 5 in Long Blades
  4471 | D:4      | Reached skill level 5 in Dodging
  4594 | D:4      | Noticed Grinder
  4601 | D:4      | Killed Grinder
  4602 | D:4      | Reached XP level 7. HP: 57/59 MP: 17/17
  5375 | D:5      | Entered Level 5 of the Dungeon
  5592 | D:5      | Reached **** piety under Ashenzari
  5607 | D:5      | Learned a level 4 spell: Passage of Golubria
  5613 | D:5      | Learned a level 5 spell: Manifold Assault
  5631 | D:5      | Found a shimmering altar of Xom.
  5652 | D:5      | Noticed Menkaure
  5673 | D:5      | Found Sosmant's Distillery.
  5680 | D:5      | Bought a potion of ambrosia for 104 gold pieces
  5867 | D:5      | Found a staircase to the Ecumenical Temple.
  6103 | D:5      | Killed Menkaure
  6104 | D:5      | Reached XP level 8. HP: 63/63 MP: 16/16
  6132 | D:5      | Identified the cursed +0 helmet "Adversity of Ashenzari"
                  | {Self, Fort} (You found it on level 4 of the Dungeon)
  6132 | D:5      | Identified the cursed +0 leather armour of the Shattered
                  | Sky {Alch, Fort}
  7454 | D:7      | Noticed Joseph
  7467 | D:7      | Found a flagged portal.
  7469 | D:7      | Found the +5 glaive of the Guard {elec, spectral, AC+5}
  7479 | Bailey   | Entered a bailey
  7509 | Bailey   | Reached XP level 9. HP: 68/74 MP: 21/21
  7538 | Bailey   | Identified the +5 dagger of the Endless Beasts {freeze,
                  | rPois rN+ Int+2 Stlth+}
  8043 | D:7      | Noticed Prince Ribbit
  8058 | D:7      | Killed Prince Ribbit
  8059 | D:7      | Reached skill level 5 in Throwing
  8059 | D:7      | Reached skill level 5 in Armour
  8421 | D:7      | Learned a level 3 spell: Portal Projectile
  8984 | D:7      | HP: 5/102 [Joseph/+1 quarterstaff of draining (1)]
  8987 | D:7      | Killed Joseph
  8988 | D:7      | Reached skill level 5 in Invocations
  9321 | D:8      | Found a transporter.
  9363 | D:8      | Found Vuavanu's Magic Scroll Shop.
  9371 | D:8      | Bought a scroll of blinking for 105 gold pieces
  9371 | D:8      | Bought a scroll of blinking for 105 gold pieces
  9371 | D:8      | Bought a scroll of teleportation for 42 gold pieces
  9371 | D:8      | Bought a scroll of teleportation for 42 gold pieces
  9412 | D:8      | Noticed an oklob plant
  9510 | D:8      | Noticed a centaur warrior
  9554 | D:8      | Noticed Peppero's ghost (novice GnEE)
  9559 | D:8      | Found a transporter.
  9586 | D:8      | Noticed a two-headed ogre
  9786 | D:9      | Found Azinemy's Book Emporium.
  9812 | D:9      | Noticed a two-headed ogre
  9823 | D:9      | Killed a two-headed ogre
  9824 | D:9      | Reached skill level 5 in Short Blades
  9824 | D:9      | Reached skill level 5 in Axes
  9824 | D:9      | Reached skill level 5 in Maces & Flails
  9824 | D:9      | Reached skill level 5 in Polearms
  9824 | D:9      | Reached skill level 5 in Staves
  9824 | D:9      | Reached skill level 5 in Ranged Weapons
  9824 | D:9      | Reached skill level 5 in Stealth
  9824 | D:9      | Reached skill level 5 in Shields
  9824 | D:9      | Reached skill level 5 in Unarmed Combat
  9824 | D:9      | Reached skill level 5 in Evocations
  9824 | D:9      | Reached XP level 10. HP: 39/83 MP: 23/23
 10150 | D:9      | Found Veikh's Weapon Shop.
 10150 | D:9      | Found Jomesk's Jewellery Shop.
 10152 | D:9      | Found Dewn's Distillery.
 10155 | D:9      | Found Japsooto's Antique Armour Shop.
 10353 | D:9      | Noticed an elephant
 10354 | D:9      | Found a staircase to the Lair.
 11078 | D:9      | Found a staircase to the Orcish Mines.
 11188 | D:9      | Killed an elephant
 11294 | D:10     | Entered Level 10 of the Dungeon
 11307 | D:10     | Found Zaez's General Store.
 11319 | D:10     | Noticed a four-headed hydra
 11339 | D:10     | Reached skill level 5 in Conjurations
 11339 | D:10     | Reached skill level 5 in Hexes
 11339 | D:10     | Reached skill level 5 in Summonings
 11339 | D:10     | Reached skill level 5 in Necromancy
 11339 | D:10     | Reached skill level 5 in Transmutations
 11339 | D:10     | Reached skill level 5 in Fire Magic
 11339 | D:10     | Reached skill level 5 in Ice Magic
 11339 | D:10     | Reached skill level 5 in Air Magic
 11339 | D:10     | Reached skill level 5 in Earth Magic
 11339 | D:10     | Reached skill level 5 in Poison Magic
 11403 | D:9      | Reached XP level 11. HP: 75/90 MP: 23/25
 11623 | Lair:1   | Entered Level 1 of the Lair of Beasts
 11668 | Lair:1   | Upgraded the game from 0.29-a0-830-gcb1280458a to
                  | 0.29-a0-872-g797fff5ad1
 11808 | Lair:1   | Noticed an eight-headed hydra
 12032 | Lair:1   | Identified a scroll of acquirement
 12038 | Lair:1   | Acquired 471 gold pieces
 13020 | Lair:2   | Noticed a six-headed hydra
 13055 | Lair:2   | Killed a six-headed hydra
 13056 | Lair:2   | Reached XP level 12. HP: 84/98 MP: 26/26
 13665 | Lair:3   | Found a staircase to the Shoals.
 13755 | Lair:3   | Found a shimmering altar of Xom.
 13755 | Lair:3   | Noticed Wyrua's ghost (journeyman DgHu)
 13759 | Lair:3   | Found a runed translucent door.
 13990 | Lair:3   | Noticed Rupert
 14194 | Lair:3   | Found a hole to the Spider Nest.
 15160 | Lair:4   | Reached ***** piety under Ashenzari
 15167 | Lair:4   | Noticed a six-headed hydra
 15173 | Lair:4   | Killed a six-headed hydra
 15190 | Lair:4   | Identified Etzidom's Commentary on Congealing Kindling
 15198 | Lair:4   | Noticed a boulder beetle
 15231 | Lair:4   | Killed a boulder beetle
 15232 | Lair:4   | Reached XP level 13. HP: 65/107 MP: 3/28
 15244 | Lair:4   | Learned a level 5 spell: Silence
 15522 | Lair:3   | Killed Rupert
 16068 | Lair:4   | Slain by a fire crab

Illustrated notes

Levels and vault maps discovered:
D:1:      minmay_arrival_loop, layout_basic, serial_corexii_hall,
          chequers_hall_statues_wall_a, chequers_hall_statues_wall_a,
          serial_shops, shop, chequers_ecumenical_altar_twisty,
          minmay_pentomino_t4
D:2:      layout_basic
D:3:      layout_basic, nicolae_figureground_sparkle
D:4:      layout_loops_ring, nicolae_shop_firing_range, uniq_grinder,
          uniq_edmund
D:5:      layout_basic, mainiacjoe_overflow_surrounded_room,
          minmay_temple_entry_hall, serial_shops, nicolae_shop_stone,
          uniq_menkaure
D:6:      layout_basic
D:7:      layout_basic, enter_bailey_2, uniq_prince_ribbit1, uniq_joseph
D:8:      layout_cave_pools, nzn_ghost_randoct, serial_shops, shop,
          chequers_serial_rivers_micro_c
D:9:      layout_roguey, david_lair_generic, erik_orc_2, serial_shops,
          kennysheep_little_box, minmay_shop_grid_forest
D:10:     cheibrodos_steamvent, layout_irregular_city, serial_shops, shop,
          kennysheep_generic_room_5
Lair:1:   layout_roguey [special_room_bee]
Lair:2:   layout_chaotic_city, patterned_corridor, infiniplex_staircase_pool_2,
          grunt_megastairs_3
Lair:3:   layout_hall_layers, minmay_shoals_entry_beasts,
          spider_nest_entry_funnel_web, ebering_ghost_xom, grunt_megastairs_5,
          infiniplex_staircase_pool, uniq_rupert
Lair:4:   nzn_winding_woodlands_large [nzn_winding_woodlands_5x5_closed_star,
          nzn_winding_woodlands_5x15_river_crossing,
          nzn_winding_woodlands_5x5_perimeter,
          nzn_winding_woodlands_center_lodge,
          nzn_winding_woodlands_15x15_boxy_spiral,
          nzn_winding_woodlands_center_pierced_h,
          nzn_winding_woodlands_5x5_open_star,
          nzn_winding_woodlands_5x15_split_checker,
          nzn_winding_woodlands_5x5_default], layout_regular_city

Skill      XL: |  1  2  3  4  5  6  7  8  9 10 11 12 13 |
---------------+----------------------------------------+-----
Spellcasting   | 5 6 7 8 9 |  9.9
Invocations    | 1 2 3 4 5 6 7 8 9 |  9.3
Short Blades   | 1 2 3 5 6 7 8 |  8.5
Axes           | 1 2 3 5 6 7 8 |  8.5
Maces & Flails | 1 2 3 5 6 7 8 |  8.5
Polearms       | 1 2 3 5 6 7 8 |  8.5
Staves         | 1 2 3 5 6 7 8 |  8.5
Ranged Weapons | 1 2 3 5 6 7 8 |  8.5
Stealth        | 1 2 3 5 6 7 8 |  8.5
Shields        | 1 2 3 5 6 7 8 |  8.5
Unarmed Combat | 1 2 3 5 6 7 8 |  8.5
Evocations     | 1 2 3 5 6 7 8 |  8.5
Throwing       | 3 4 5 6 7 8 9 |  9.0
Armour         | 3 4 5 6 7 8 9 |  9.0
Conjurations   | 1 2 3 4 5 6 7 |  7.1
Hexes          | 1 2 3 4 5 6 7 |  7.1
Summonings     | 1 2 3 4 5 6 7 |  7.1
Necromancy     | 1 2 3 4 5 6 7 |  7.1
Transmutations | 1 2 3 4 5 6 7 |  7.1
Fire Magic     | 1 2 3 4 5 6 7 |  7.1
Ice Magic      | 1 2 3 4 5 6 7 |  7.1
Air Magic      | 1 2 3 4 5 6 7 |  7.1
Earth Magic    | 1 2 3 4 5 6 7 |  7.1
Poison Magic   | 1 2 3 4 5 6 7 |  7.1
Fighting       | 5 6 7 8 9 |  9.7
Long Blades    | 5 6 7 8 9 |  9.7
Dodging        | 5 6 7 8 9 |  9.7
Translocations | 6 7 8 9 |  9.0

Action                   |  1- 3 |  4- 6 |  7- 9 | 10-12 | 13-15 || total
-------------------------+-------+-------+-------+-------+-------++-------
Melee: Falchion          |   126 |   129 |   252 |       |       ||   507
       Bite              |    10 |    12 |    44 |    87 |    10 ||   163
       Punch             |     1 |     3 |       |       |       ||     4
       Scimitar          |       |       |    49 |   576 |    57 ||   682
Throw: Stone             |    12 |     7 |       |       |       ||    19
       Boomerang         |     1 |     7 |     4 |   106 |    17 ||   135
       Dart              |       |       |    73 |    16 |    10 ||    99
 Cast: Manifold Assault  |       |       |       |     5 |       ||     5
       Blink             |       |       |       |     1 |     4 ||     5
       Silence           |       |       |       |       |     1 ||     1
Invok: Curse Item        |     2 |     3 |     3 |     2 |       ||    10
       Shatter the Chain |       |       |     2 |       |       ||     2
Evoke: Wand              |       |       |     2 |     7 |     7 ||    16
  Use: Scroll            |     1 |     1 |       |     2 |       ||     4
       Potion            |       |       |     4 |     1 |     1 ||     6
 Stab: Sleeping          |     1 |     1 |     4 |     6 |     2 ||    14
       Distracted        |       |     1 |     1 |     3 |       ||     5
Armor: Leather armour    |    30 |    43 |    10 |       |       ||    83
       Skin              |       |       |     5 |       |       ||     5
       Ring mail         |       |       |    62 |   137 |    17 ||   216
Dodge: Dodged            |   100 |    76 |   148 |   365 |    26 ||   715
Block: Buckler           |       |    12 |    85 |   213 |    16 ||   326

Table legend: (Time is in decaauts)
 A = Elapsed time spent in this place.
 B = Non-inter-level travel time spent in this place.
 C = Inter-level travel time spent in this place.
 D = Time resting spent in this place.
 E = Time spent auto-exploring this place.
 F = Levels seen in this place.
 G = Mean time per level.
                   A        B        C        D        E       F      G
               +--------+--------+--------+--------+--------+-----+--------+
         Total |  15973 |  15118 |    855 |   1744 |   9208 |  15 | 1064.9 |
       Dungeon |  11495 |  10960 |    535 |   1453 |   7225 |  10 | 1149.5 |
          Lair |   4374 |   4054 |    320 |    291 |   1982 |   4 | 1093.5 |
        Bailey |    103 |    103 |      0 |      0 |      0 |   1 |  103.0 |
               +--------+--------+--------+--------+--------+-----+--------+

Top non-repeatable levels by time:
     D:7: 1940 daAuts
     D:1: 1667 daAuts
     D:9: 1601 daAuts
     D:2: 1344 daAuts
  Lair:4: 1312 daAuts
  Lair:1: 1252 daAuts
     D:4: 1225 daAuts
     D:6: 1220 daAuts
     D:3: 1143 daAuts
  Lair:3: 1105 daAuts
     D:5: 776 daAuts
  Lair:2: 702 daAuts
     D:8: 526 daAuts
  Bailey: 103 daAuts
    D:10: 51 daAuts
